 Dungeon Crawl Stone Soup version 0.27-a0-931-g5a74e75d8f (webtiles) character file.

Game seed: 11964180825888390585

215 siradein the Magician (level 5, -10/35 HPs)
             Began as a Djinni Fire Elementalist on Apr 11, 2021.
             Mangled by Blork the orc
             ... wielding a +0 battleaxe
              (21 damage)
             ... on level 4 of the Dungeon.
             The game lasted 00:05:53 (3422 turns).

siradein the Magician (Djinni Fire Elementalist)    Turns: 3422, Time: 00:05:53

Health: -10/35     AC:  3    Str:  7    XL:     5   Next: 92%
Gold:   96         EV: 12    Int: 18    God:
                   SH:  0    Dex: 13

rFire    + + .     SeeInvis +   r - +10 glaive "Himuf" {freeze, Fly Will+ SInv}
rCold    x . .     Faith    .   (shield currently unavailable)
rNeg     . . .     Spirit   .   a - +0 robe
rPois    ∞         Reflect  .   (no helmet)
rElec    .         Harm     .   (no cloak)
rCorr    .         Rampage  .   k - +0 pair of gloves
Will     +....                  (boots unavailable)
Stlth    ++........             (no amulet)
HPRegen  0.11/turn              (no ring)
MPRegen  0.00/turn              (no ring)

@: flying
A: fire resistance 2, cold vulnerability 1, float, innate caster, hp casting,
extra vitality 1
a: no special abilities


You were on level 4 of the Dungeon.
You visited 1 branch of the dungeon, and saw 4 of its levels.

You collected 96 gold pieces.

Inventory:

Hand Weapons
 r - the +10 glaive "Himuf" (weapon) {freeze, Fly Will+ SInv}
   (You found it on level 4 of the Dungeon)

   It has been specially enchanted to freeze those struck by it, causing extra
   injury to most foes and up to half again as much damage against particularly
   susceptible opponents.
   It can also slow down cold-blooded creatures.
   It lets you see invisible.
   It grants you flight.
   It increases your willpower.
Missiles
 g - 2 javelins
Armour
 a - a +0 robe (worn)
 k - a +0 pair of gloves (worn)
Scrolls
 b - a scroll of enchant weapon {unknown}
 c - a scroll of brand weapon {unknown}
 e - a scroll of fear {unknown}
 h - a scroll of holy word {unknown}
 j - a scroll of blinking {unknown}
 l - a scroll of teleportation {unknown}
 n - 2 scrolls of magic mapping {unknown}
 o - a scroll of acquirement {unknown}
 p - a scroll of enchant armour {unknown}
 q - 2 scrolls of amnesia {unknown}
 t - 3 scrolls of identify {unknown}
Potions
 d - 2 potions of lignification {unknown}
 f - 3 potions of curing {unknown}
 i - a potion of might {unknown}
 m - a potion of brilliance {unknown}
 s - a potion of degeneration {unknown}


   Skills:
 - Level 2.1 Dodging
 - Level 1.5 Stealth
 + Level 5.4 Spellcasting


You couldn't memorise any spells.
You knew the following spells:

 Your Spells              Type           Power      Damage    Failure   Level
a - Foxfire               Conj/Fire      96%        2x1d8     1%          1
b - Conjure Flame         Conj/Fire      24%        6-21      4%          3
c - Inner Flame           Hex/Fire       24%        N/A       4%          3
d - Sticky Flame          Conj/Fire      24%        2d5       13%         4
e - Fireball              Conj/Fire      12%        3d7       36%         5
f - Beastly Appendage     Tmut           48%        N/A       1%          1
g - Ensorcelled Hibernat  Hex/Ice        48%        N/A       1%          2
Your spell library was empty.

Dungeon Overview and Level Annotations

Branches:
Dungeon (4/15)
 Temple: D:4-7

Altars:
Cheibriados

Annotations:
D:4 Blork the orc


Innate Abilities, Weirdness & Mutations

You are immune to poison.
Your flesh is very heat resistant. (rF++)
You are vulnerable to cold. (rC-)
You float through the air rather than walking.
You learn spells naturally, not from books.
Your magical power is your life essence.
You have superior vitality. (+4 HP)


Message History

The helpless Blork the orc fails to defend himself.
You slash Blork the orc! You freeze Blork the orc.
Blork the orc is moderately wounded.
Blork the orc screams, "I'll cover the dungeon with your blood!"
Blork the orc mumbles some strange words.
Blork the orc seems to speed up.
Casting: Foxfire (safe; 1% risk of failure)
Confirm with . or Enter, or press ? or * to list all spells.
Aiming: Inner Flame (dangerous; 4% risk of failure)
Press: ? - help, Shift-Dir - straight line, f/p - Blork the orc
Aim: Blork the orc, wielding a +0 battleaxe and wearing a +0 robe (moderately wounded, fast, chance to affect: 80%)
You miscast Inner Flame.
You are very lightly contaminated with residual magic.
Nothing appears to happen.
Blork the orc begins to cast a cantrip, but forgets the words!
Blork the orc closely misses you.
Blork the orc points at you and mumbles some strange words.
The puff of frost hits you!
You feel a terrible chill! Blork the orc barely misses you.
A goblin comes into view.
It is wielding a +0 club and carrying a wand of random effects (16).
Your magical contamination has completely faded away.
Blork the orc screams, "I don't like you!"
Blork the orc looks braver for a moment.
The goblin shouts!
Blork the orc begins to cast a cantrip, but forgets the words!
Blork the orc points at you and mumbles some strange words.
The puff of frost hits you!
You feel a terrible chill!
* * * LOW HITPOINT WARNING * * *
Blork the orc barely misses you.
There is a stone staircase leading up here.
Blork the orc barely misses you. Blork the orc misses you.
Blork the orc misses you.
Sorry, you're not good enough to have a special ability.
Okay, then.
Sorry, you're not good enough to have a special ability.
Blork the orc looks angry.
Blork the orc hits you with a +0 battleaxe!!
Ouch! That really hurt!
You die...

...## ##..#
#..# ....##
#..## ##.#
##...#####.##
#.#
##.#..g..g.#
#.#
.........#<#
#.#
##.#####.#.#
#.# #.# #.#.##
#.# #.#
#.#..#######.#
#.#
#....g..o@.[.#
....
###...########
###. ###..###
. ##...##
###..##
##..#####
##.....#
######.)..#
.......<..#


You could see Blork the orc (fast) and a goblin.

Vanquished Creatures
  An ogre (D:4)
  A gnoll (D:2)
  5 adders
  An adder skeleton (D:4)
  A worm (D:2)
  3 ball pythons
  4 bats
  4 endoplasms
  2 giant cockroaches (D:1)
  4 hobgoblins
  19 jackals
  A quokka (D:3)
  7 frilled lizards
  8 goblins
  4 kobolds
  3 rats
68 creatures vanquished.

Vanquished Creatures (others)
  149 foxfires
149 creatures vanquished.

Grand Total: 217 creatures vanquished

Notes
Turn   | Place    | Note
-------+----------+-------------------------------------------
     0 | D:1      | siradein the Djinni Fire Elementalist began the quest for
                  | the Orb.
     0 | D:1      | Reached XP level 1. HP: 15/15 MP: 0/0
   153 | D:1      | Reached skill level 3 in Spellcasting
   187 | D:1      | Reached XP level 2. HP: 18/21 MP: 0/0
   578 | D:1      | You are sucked into a shaft and drop 1 floor!
   586 | D:2      | Reached XP level 3. HP: 22/25 MP: 0/0
   586 | D:2      | Learned a level 1 spell: Beastly Appendage
   796 | D:2      | Found a snail-covered altar of Cheibriados.
  1183 | D:1      | Reached skill level 4 in Spellcasting
  1440 | D:1      | Reached XP level 4. HP: 30/31 MP: 0/0
  1477 | D:1      | Found a faded altar of an unknown god.
  2724 | D:3      | Reached XP level 5. HP: 29/35 MP: 0/0
  2724 | D:3      | Learned a level 2 spell: Ensorcelled Hibernation
  2989 | D:4      | Noticed an ogre
  2994 | D:4      | Killed an ogre
  2995 | D:4      | Reached skill level 5 in Spellcasting
  3220 | D:4      | Identified the +10 glaive "Himuf" {freeze, Fly Will+ SInv}
  3399 | D:4      | Noticed Blork the orc
  3422 | D:4      | Mangled by Blork the orc

Illustrated notes

Levels and vault maps discovered:
D:1:      psy_arrival_conway, layout_rooms, serial_aquarium,
          aquarium_bridge_square [aquarium_subvault_wall,
          aquarium_subvault_bridge, aquarium_subvault_wall,
          aquarium_subvault_bridge], aquarium_window_fake, aquarium_window_fake,
          aquarium_view_2d, aquarium_view_2f, aquarium_pool_2,
          hellmonk_ecumenical_altar_heavens_door, hangedman_decor_growths,
          amcnicky_mini_corridor_feature, corexii_corridor_pit,
          minmay_misc_feat_encased
D:2:      layout_loops_ring, basic_altar, kennysheep_nub, st_stairs_2,
          grunt_ministairs_2, cheibrodos_gnoll_hut
D:3:      layout_rooms
D:4:      layout_rooms, ebering_ghost_sewer_f, minmay_shop_enchanted_jewellery,
          minivault_5, uniq_eustachio, uniq_blork_the_orc

Skill      XL: |  1  2  3  4  5 |
---------------+----------------+-----
Spellcasting   | 3 4 5 |  5.4
Dodging        | |  2.1
Stealth        | |  1.5

Action                   |  1- 3 |  4- 6 || total
-------------------------+-------+-------++-------
Melee: Unarmed           |     3 |       ||     3
       Headbutt          |     1 |       ||     1
       Glaive            |       |    11 ||    11
 Cast: Foxfire           |    51 |    40 ||    91
       Beastly Appendage |     1 |       ||     1
       Conjure Flame     |       |     1 ||     1
       Inner Flame       |       |     2 ||     2
 Stab: Sleeping          |       |     1 ||     1
Armor: Robe              |     2 |     4 ||     6
Dodge: Dodged            |    20 |    29 ||    49

Table legend: (Time is in decaauts)
 A = Elapsed time spent in this place.
 B = Non-inter-level travel time spent in this place.
 C = Inter-level travel time spent in this place.
 D = Time resting spent in this place.
 E = Time spent auto-exploring this place.
 F = Levels seen in this place.
 G = Mean time per level.
                   A        B        C        D        E       F      G
               +--------+--------+--------+--------+--------+-----+--------+
         Total |   3429 |   3345 |     84 |      0 |   2949 |   4 |  857.2 |
       Dungeon |   3429 |   3345 |     84 |      0 |   2949 |   4 |  857.2 |
               +--------+--------+--------+--------+--------+-----+--------+

Top non-repeatable levels by time:
     D:1: 1393 daAuts
     D:2: 1011 daAuts
     D:3: 584 daAuts
     D:4: 440 daAuts
